IL
OKLAHOMA CITY DODGERS @ LOUISVILLE BATS
07/26/2048
 
TOP OF THE 1ST
Oklahoma City Dodgers batting - Pitching for Louisville Bats : RHP Justin Ezzell
Pitching: RHP Justin Ezzell
Batting: RHB Curt Earnest 0-0: SINGLE (Flyball, 34D, EV 86.2 MPH)
Batting: RHB Wing-kit Bu 0-0: Called Strike
Curt Earnest steals 2nd base (no throw)
0-1: Ball
1-1: Swinging Strike
1-2: Ball
2-2: Foul Ball, location: 2F
2-2: Foul Ball, location: 2F
2-2: Ball
3-2: Foul Ball, location: 2F
3-2: Strikes out swinging
Batting: LHB Jose Robles 0-0: Ball
1-0: Called Strike
Curt Earnest steals 3rd base
1-1: Foul Ball, location: 2F
1-2: Foul Ball, location: 2F
1-2: Foul Ball, location: 2F
1-2: Strikes out looking
Batting: LHB Steve Pond 0-0: Ball
1-0: Ball
2-0: SINGLE (Groundball, 4D, EV 106.9 MPH)
Curt Earnest scores
Pitching: RHP Hideki Kobayashi
Batting: LHB Chris Fandino 0-0: Ball
1-0: Ball
2-0: Ball
3-0: Called Strike
3-1: Base on Balls
Steve Pond to second
Batting: RHB Theo Schepers 0-0: Ball
1-0: Called Strike
1-1: Fielders Choice at 2nd, 5-4 (Groundball, 56, EV 85.6 MPH)
Top of the 1st over - 1 run, 2 hits, 0 errors, 2 left on base; Oklahoma City 1 - Louisville 0
BOTTOM OF THE 1ST
Louisville Bats batting - Pitching for Oklahoma City Dodgers : RHP Santiago Montero
Pitching: RHP Santiago Montero
Batting: SHB Paul Sandoval 0-0: Called Strike
0-1: Ball
1-1: Swinging Strike
1-2: Strikes out looking
Batting: RHB Won-jun Park 0-0: Ball
1-0: Ball
2-0: Foul Ball, location: 2F
2-1: Ball
3-1: Called Strike
3-2: SINGLE (Groundball, 6MD, EV 94.4 MPH)
Batting: RHB Mike Alm 0-0: Ball
1-0: Ball
2-0: Ball
3-0: Called Strike
3-1: Called Strike
3-2: Base on Balls
Won-jun Park to second
Batting: RHB Juan Reyes 0-0: SINGLE (Groundball, 25, EV 65.0 MPH) (infield hit)
Won-jun Park to third
Mike Alm to second
Batting: SHB Freddie Farrar 0-0: Ball
1-0: Grounds into double play, 4-6-3 (Groundball, 4, EV 102.5 MPH)
Bottom of the 1st over - 0 runs, 2 hits, 0 errors, 2 left on base; Oklahoma City 1 - Louisville 0
TOP OF THE 2ND
Oklahoma City Dodgers batting - Pitching for Louisville Bats : RHP Hideki Kobayashi
Batting: RHB T.J. Jordan 0-0: Fly out, F1 (Popup, P, EV 79.4 MPH)
Batting: LHB Chris Raymond 0-0: Ball
1-0: SINGLE (Groundball, 4MD, EV 101.2 MPH)
Batting: LHB Darrell Ortega 0-0: Ball
1-0: Foul Ball, location: 2F
1-1: Ball
2-1: Ball
3-1: Base on Balls
Chris Raymond to second
Batting: RHB Curt Earnest 0-0: Swinging Strike
0-1: Ball
1-1: Called Strike
1-2: Foul Ball, location: 2F
1-2: Foul Ball, location: 2F
1-2: Ball
2-2: Strikes out swinging
Batting: RHB Wing-kit Bu 0-0: Ball
1-0: Fielders Choice at 2nd, 6-4 (Groundball, 6, EV 105.6 MPH)
Top of the 2nd over - 0 runs, 1 hit, 0 errors, 2 left on base; Oklahoma City 1 - Louisville 0
BOTTOM OF THE 2ND
Louisville Bats batting - Pitching for Oklahoma City Dodgers : RHP Santiago Montero
Batting: RHB Pedro Pinero 0-0: Ground out 4-3 (Groundball, 4, EV 86.2 MPH)
Batting: RHB Colin Lord 0-0: Swinging Strike
0-1: Foul Ball, location: 2F
0-2: Ball
1-2: Ball
2-2: Strikes out looking
Batting: RHB Ryan Short 0-0: Ball
1-0: Foul Ball, location: 2F
1-1: Swinging Strike
1-2: Ball
2-2: Strikes out swinging
Bottom of the 2nd over - 0 runs, 0 hits, 0 errors, 0 left on base; Oklahoma City 1 - Louisville 0
TOP OF THE 3RD
Oklahoma City Dodgers batting - Pitching for Louisville Bats : RHP Hideki Kobayashi
Batting: LHB Jose Robles 0-0: Ball
1-0: Ball
2-0: Foul Ball, location: 2F
2-1: Fly out, F8 (Flyball, 8LM, EV 72.5 MPH)
Batting: LHB Steve Pond 0-0: Ball
1-0: Fly out, F9 (Flyball, 9LM, EV 82.5 MPH)
Batting: LHB Chris Fandino 0-0: Swinging Strike
0-1: Ball
1-1: Called Strike
1-2: Strikes out swinging
Top of the 3rd over - 0 runs, 0 hits, 0 errors, 0 left on base; Oklahoma City 1 - Louisville 0
BOTTOM OF THE 3RD
Louisville Bats batting - Pitching for Oklahoma City Dodgers : RHP Santiago Montero
Batting: RHB Jay Jacobson 0-0: Ball
1-0: Ground out 6-3 (Groundball, 6, EV 83.8 MPH)
Batting: SHB Paul Sandoval 0-0: Swinging Strike
0-1: Ground out 6-3 (Groundball, 6, EV 106.2 MPH)
Batting: RHB Won-jun Park 0-0: Ball
1-0: Foul Ball, location: 2F
1-1: Ball
2-1: Ball
3-1: Called Strike
3-2: Base on Balls
Batting: RHB Mike Alm 0-0: Ball
Won-jun Park steals 2nd base
1-0: Called Strike
1-1: Foul Ball, location: 2F
1-2: Ball
2-2: Fly out, F7 (Flyball, 7, EV 91.2 MPH)
Bottom of the 3rd over - 0 runs, 0 hits, 0 errors, 1 left on base; Oklahoma City 1 - Louisville 0
TOP OF THE 4TH
Oklahoma City Dodgers batting - Pitching for Louisville Bats : RHP Hideki Kobayashi
Batting: RHB Theo Schepers 0-0: Ground out U3 (Groundball, 34, EV 83.8 MPH)
Batting: RHB T.J. Jordan 0-0: Ball
1-0: Called Strike
1-1: Ball
2-1: Foul Ball, location: 2F
2-2: Foul Ball, location: 2F
2-2: Foul Ball, location: 2F
2-2: Foul Ball, location: 2F
2-2: Ground out 6-3 (Groundball, 6, EV 87.5 MPH)
Batting: LHB Chris Raymond 0-0: Called Strike
0-1: Ground out U3 (Groundball, 3, EV 81.2 MPH)
Top of the 4th over - 0 runs, 0 hits, 0 errors, 0 left on base; Oklahoma City 1 - Louisville 0
BOTTOM OF THE 4TH
Louisville Bats batting - Pitching for Oklahoma City Dodgers : RHP Santiago Montero
Batting: RHB Juan Reyes 0-0: Ball
1-0: Called Strike
1-1: Ball
2-1: Ball
3-1: Fly out, F8 (Flyball, 8LXD, EV 103.8 MPH)
Batting: SHB Freddie Farrar 0-0: Ball
1-0: Called Strike
1-1: Ball
2-1: Foul Ball, location: 2F
2-2: Foul Ball, location: 2F
2-2: Strikes out swinging
Batting: RHB Pedro Pinero 0-0: Ball
1-0: Foul Ball, location: 2F
1-1: Called Strike
1-2: Ball
2-2: Strikes out swinging
Bottom of the 4th over - 0 runs, 0 hits, 0 errors, 0 left on base; Oklahoma City 1 - Louisville 0
TOP OF THE 5TH
Oklahoma City Dodgers batting - Pitching for Louisville Bats : RHP Hideki Kobayashi
Batting: LHB Darrell Ortega 0-0: Ball
1-0: Foul Ball, location: 2F
1-1: Called Strike
1-2: Ball
2-2: Foul Ball, location: 2F
2-2: Ground out 5-3 (Groundball, 56, EV 91.9 MPH)
Batting: RHB Curt Earnest 0-0: Swinging Strike
0-1: Ball
1-1: Ball
2-1: SINGLE (Groundball, 6MD, EV 98.8 MPH) (infield hit)
Batting: RHB Wing-kit Bu 0-0: Ball
1-0: Foul Ball, location: 2F
1-1: Foul Ball, location: 2F
1-2: Ball
2-2: Foul Ball, location: 2F
2-2: Ground out 4-3 (Groundball, 4, EV 83.1 MPH)
Curt Earnest to second
Batting: LHB Jose Robles 0-0: Ball
1-0: Ball
2-0: Foul Ball, location: 2F
2-1: SINGLE (Groundball, 56D, EV 96.2 MPH)
Curt Earnest to third
Runner from 3rd tries for Home, throw by LF and OUT! 7-2
Top of the 5th over - 0 runs, 2 hits, 0 errors, 1 left on base; Oklahoma City 1 - Louisville 0
BOTTOM OF THE 5TH
Louisville Bats batting - Pitching for Oklahoma City Dodgers : RHP Santiago Montero
Batting: RHB Colin Lord 0-0: Ground out 4-3 (Groundball, 4M, EV 95.0 MPH)
Batting: RHB Ryan Short 0-0: Ground out 6-3 (Groundball, 4MS, EV 63.8 MPH)
Batting: RHB Jay Jacobson 0-0: SOLO HOME RUN (Line Drive, 7D, EV 104.4 MPH), Distance : 372 ft
Batting: SHB Paul Sandoval 0-0: Foul Ball, location: 2F
0-1: Swinging Strike
0-2: Ball
1-2: Strikes out looking
Bottom of the 5th over - 1 run, 1 hit, 0 errors, 0 left on base; Oklahoma City 1 - Louisville 1
TOP OF THE 6TH
Oklahoma City Dodgers batting - Pitching for Louisville Bats : RHP Hideki Kobayashi
Pitching: RHP Tim Beck
Batting: LHB Steve Pond 0-0: Ball
1-0: Called Strike
1-1: Swinging Strike
1-2: Strikes out swinging
Batting: LHB Chris Fandino 0-0: Foul Ball, location: 2F
0-1: Swinging Strike
0-2: Foul Ball, location: 2F
0-2: Strikes out looking
Batting: RHB Theo Schepers 0-0: Called Strike
0-1: Ground out 2-3 (Groundball, 13S, EV 68.8 MPH)
Top of the 6th over - 0 runs, 0 hits, 0 errors, 0 left on base; Oklahoma City 1 - Louisville 1
BOTTOM OF THE 6TH
Louisville Bats batting - Pitching for Oklahoma City Dodgers : RHP Santiago Montero
Batting: RHB Won-jun Park 0-0: Called Strike
0-1: Called Strike
0-2: Ball
1-2: Ball
2-2: Foul Ball, location: 2F
2-2: Ground out 6-3 (Groundball, 6S, EV 84.4 MPH)
Batting: RHB Mike Alm 0-0: Called Strike
0-1: Foul Ball, location: 2F
0-2: Strikes out looking
Batting: RHB Juan Reyes 0-0: Ball
1-0: Fly out, F8 (Flyball, 8RXD, EV 98.1 MPH)
Bottom of the 6th over - 0 runs, 0 hits, 0 errors, 0 left on base; Oklahoma City 1 - Louisville 1
TOP OF THE 7TH
Oklahoma City Dodgers batting - Pitching for Louisville Bats : RHP Tim Beck
Batting: RHB T.J. Jordan 0-0: Ball
1-0: Called Strike
1-1: Foul Ball, location: 2F
1-2: Ball
2-2: SINGLE (Line Drive, 5D, EV 94.4 MPH)
Batting: LHB Chris Raymond 0-0: Sac Bunt to 15 - play at first, batter OUT! 1-4
T.J. Jordan to second
Batting: LHB Darrell Ortega 0-0: Ball
1-0: TRIPLE (Line Drive, 89XD, EV 97.5 MPH)
T.J. Jordan scores
Batting: RHB Curt Earnest 0-0: Foul Ball, location: 2F
0-1: Ball
1-1: Ground out 6-3 (Groundball, 6, EV 86.2 MPH)
Batting: RHB Wing-kit Bu 0-0: Ground out 6-3 (Groundball, 6, EV 106.9 MPH)
Top of the 7th over - 1 run, 2 hits, 0 errors, 1 left on base; Oklahoma City 2 - Louisville 1
BOTTOM OF THE 7TH
Louisville Bats batting - Pitching for Oklahoma City Dodgers : RHP Santiago Montero
Batting: SHB Freddie Farrar 0-0: Ball
1-0: Ground out 6-3 (Groundball, 6, EV 83.1 MPH)
Batting: RHB Pedro Pinero 0-0: Called Strike
0-1: Foul Ball, location: 2F
0-2: Fly out, F9 (Flyball, 9, EV 91.2 MPH)
Batting: RHB Colin Lord 0-0: Ball
1-0: Called Strike
1-1: Ball
2-1: Called Strike
2-2: Strikes out swinging
Bottom of the 7th over - 0 runs, 0 hits, 0 errors, 0 left on base; Oklahoma City 2 - Louisville 1
TOP OF THE 8TH
Oklahoma City Dodgers batting - Pitching for Louisville Bats : RHP Tim Beck
Pitching: LHP Jerry Nero
Batting: LHB Jose Robles 0-0: Called Strike
0-1: Ball
1-1: Ball
2-1: Foul Ball, location: 2F
2-2: Foul Ball, location: 2F
2-2: Ball
3-2: Strikes out looking
Batting: LHB Steve Pond 0-0: Foul Ball, location: 2F
0-1: Foul Ball, location: 2F
0-2: Ball
1-2: Ball
2-2: Strikes out swinging
Batting: LHB Chris Fandino 0-0: Called Strike
0-1: Ball
1-1: Ball
2-1: Called Strike
2-2: Strikes out swinging
Top of the 8th over - 0 runs, 0 hits, 0 errors, 0 left on base; Oklahoma City 2 - Louisville 1
BOTTOM OF THE 8TH
Louisville Bats batting - Pitching for Oklahoma City Dodgers : RHP Santiago Montero
Pitching: LHP J.P. Blair
Now at 1B: Robin More
Batting: RHB Ryan Short 0-0: Ball
1-0: Ball
2-0: Called Strike
2-1: Foul Ball, location: 2F
2-2: Strikes out swinging
Batting: RHB Jay Jacobson 0-0: Called Strike
0-1: Ball
1-1: Ball
2-1: Called Strike
2-2: Ball
3-2: Base on Balls
Batting: SHB Paul Sandoval 0-0: Ball
1-0: Ball
2-0: Fly out, F9 (Line Drive, 89M, EV 91.2 MPH)
Batting: RHB Won-jun Park 0-0: Foul Ball, location: 2F
0-1: Called Strike
0-2: Ball
1-2: Ball
2-2: Ball
3-2: Strikes out swinging
Bottom of the 8th over - 0 runs, 0 hits, 0 errors, 1 left on base; Oklahoma City 2 - Louisville 1
TOP OF THE 9TH
Oklahoma City Dodgers batting - Pitching for Louisville Bats : LHP Jerry Nero
Pitching: RHP Giovonni Morgia
Batting: RHB Theo Schepers 0-0: Ball
1-0: Ground out 4-3 (Groundball, 4, EV 90.6 MPH)
Batting: RHB T.J. Jordan 0-0: Called Strike
0-1: Called Strike
0-2: Ball
1-2: Foul Ball, location: 2F
1-2: Strikes out swinging
Batting: LHB Chris Raymond 0-0: Ball
1-0: Ball
2-0: Foul Ball, location: 2F
2-1: Foul Ball, location: 2F
2-2: Strikes out swinging
Top of the 9th over - 0 runs, 0 hits, 0 errors, 0 left on base; Oklahoma City 2 - Louisville 1
BOTTOM OF THE 9TH
Louisville Bats batting - Pitching for Oklahoma City Dodgers : LHP J.P. Blair
Pitching: RHP Juan Hurtado
Batting: RHB Mike Alm 0-0: Swinging Strike
0-1: Swinging Strike
0-2: Ball
1-2: SINGLE (Groundball, 56D, EV 102.5 MPH)
Batting: RHB Juan Reyes 0-0: 2-RUN HOME RUN (Flyball, 7LD, EV 98.8 MPH), Distance : 356 ft
Bottom of the 9th over - 2 runs, 2 hits, 0 errors, 0 left on base; Oklahoma City 2 - Louisville 3
Tuesday, March 28th , 2023 - OOTP Baseball 23.10 Build 110